 Dungeon Crawl Stone Soup version 0.21.1-1-g345015f (webtiles) character file.

5 inc the Magician (level 1, -8/7 HPs)
             Began as a Felid Wizard on Feb 22, 2018.
             Killed by divine providence
             ... invoked by an orc priest
              (11 damage)
             ... on level 4 of the Dungeon.
             The game lasted 00:01:52 (407 turns).

inc the Magician (Felid Wizard)                      Turns: 407, Time: 00:01:53

Health: -8/7       AC:  1    Str:  3    XL:     1   Next: 66%
Magic:  3/5        EV: 17    Int: 19    God:
Gold:   13         SH:  0    Dex: 14    Spells: 5/6 levels left
                                        Lives:  0   Deaths: 0

rFire    . . .     SeeInvis +   (weapon unavailable)
rCold    . . .     Gourm    .   (shield unavailable)
rNeg     . . .     Faith    .   (armour unavailable)
rPois    .         Spirit   .   (helmet unavailable)
rElec    .         Reflect  .   (cloak unavailable)
rCorr    .         Harm     .   (gloves unavailable)
MR       .....                  (boots unavailable)
Stlth    +++.......             (no amulet)
HPRegen  0.02/turn              (no ring)
MPRegen  0.09/turn              (no ring)

@: quick
A: very small, no armour, no weapons or thrown items, stealth, claws 1, fangs 3,
see invisible, carnivore, speed 1, shaggy fur 1, slow metabolism 1, sharp paws
a: no special abilities


You were on level 4 of the Dungeon.
You were full.

You visited 1 branch of the dungeon, and saw 4 of its levels.

You collected 13 gold pieces.

Inventory:

Scrolls
 c - a scroll of random uselessness {unknown}
Books
 a - a book of Minor Magic

   Spells                             Type                      Level
   a - Magic Dart                     Conjuration                  1
   b - Blink                          Translocation                2
   c - Call Imp                       Summoning                    2
   d - Slow                           Hexes                        2
   e - Conjure Flame                  Conjuration/Fire             3
   f - Mephitic Cloud                 Conjuration/Poison/Air       3
Comestibles
 b - a ration


   Skills:
 - Level 2.6 Dodging
 - Level 2.6 Stealth
 - Level 3.0 Spellcasting
 + Level 1.6 Conjurations
   Level 1.0 Summonings
   Level 1.5 Translocations


You had 5 spell levels left.
You knew the following spells:

 Your Spells              Type           Power        Failure   Level  Hunger
a - Magic Dart            Conj           #...         8%          1    None


Dungeon Overview and Level Annotations

Branches:
Dungeon (4/15)
 Temple: D:4-7

Altars:
Cheibriados
Gozag
Xom

Annotations:
D:3 Natasha


Innate Abilities, Weirdness & Mutations

You cannot wear armour.
You are incapable of wielding weapons or throwing items.
Your paws allow you to move quietly. (Stealth)
You have sharp claws.
You have razor-sharp teeth.
You have supernaturally acute eyesight. (SInv)
You are carnivorous and can eat meat at any time.
You cover ground quickly.
You are covered in fur. (AC +1)
You have a slow metabolism.
Your sharp claws are effective at attacking unaware monsters.


Message History

Found a brown potion.
Found 22 stones.
The jackal barks!
The orc closely misses you.
Casting: Magic Dart
Confirm with . or Enter, or press ? or * to list all spells.
Aiming: Magic Dart
Press: ? - help, Shift-Dir - straight line, f - orc
Aim: an orc, wielding a club and wearing a leather armour The magic dart hits the orc.
The orc closely misses you. The jackal closely misses you.
The orc barely misses you. The orc misses you. The orc closely misses you.
The orc completely misses you. The orc hits you with a flail.
Ouch! That really hurt!
The orc hits you but does no damage.
The orc priest shouts!
The orc priest calls down the wrath of Beogh upon you.
Beogh smites you!
Ouch! That really hurt!
You die...

#oh...... #o#o.....
#.#h##### #.#o## ######o#..#
#.# ........o..# #.# .
.#.......o.######.# #
##............##.####### ###
#.........@............ ..
#......................## #
...................####..###
...................o..##....
##########.........##.....o.
#.........#########
#.........# #..?......#
#.........#


You could see an orc priest and 3 orcs.

Vanquished Creatures
  2 bats
  A goblin (D:3)
  A hobgoblin (D:3)
  A frilled lizard (D:1)
5 creatures vanquished.

Notes
Turn   | Place    | Note
-------+----------+-------------------------------------------
     0 | D:1      | inc the Felid Wizard began the quest for the Orb.
     0 | D:1      | Reached XP level 1. HP: 7/7 MP: 5/5
    13 | D:1      | Reached skill level 1 in Conjurations
    67 | D:2      | Found a shimmering altar of Xom.
    67 | D:2      | Found a snail-covered altar of Cheibriados.
    69 | D:2      | Found an opulent altar of Gozag.
   116 | D:3      | Noticed Natasha
   346 | D:4      | Noticed an orc priest
   407 | D:4      | Killed from afar by an orc priest

Skill      XL: |  1 |
---------------+----+-----
Conjurations   | 1 |  1.6
Dodging        | |  2.6
Stealth        | |  2.6
Spellcasting   | |  3.0
Summonings     | |  1.0
Translocations | |  1.5

Action                   || total
-------------------------++-------
Melee: Unarmed           ||     2
 Cast: Magic Dart        ||    12
 Stab: Sleeping          ||     1
  Eat: Chunk             ||     3
Armor: Skin              ||     2
Dodge: Dodged            ||    11
